 Dungeon Crawl Stone Soup version 0.24-a0-619-gb7544fd237 (webtiles) character file.

Game seed: 12408938238861568265, levelgen mode: deterministic

96 Riddle the Conjurer (level 4, -15/42 HPs)
             Began as an Ogre Conjurer on Sept 17, 2019.
             Demolished by an orc
             ... wielding a +2 whip of electrocution
              (19 damage)
             ... on level 3 of the Dungeon.
             The game lasted 00:11:42 (3097 turns).

Riddle the Conjurer (Ogre Conjurer)                 Turns: 3097, Time: 00:11:43

Health: -15/42     AC: 10    Str: 12    XL:     4   Next: 67%
Magic:  0/9        EV: 10    Int: 17    God:
Gold:   109        SH:  0    Dex:  9    Spells: 7/10 levels left

rFire    . . .     SeeInvis +   k - +2 long sword (protect)
rCold    . . .     Gourm    .   (no shield)
rNeg     . . .     Faith    .   a - +0 robe
rPois    .         Spirit   .   (helmet restricted)
rElec    .         Reflect  .   (no cloak)
rCorr    .         Harm     .   (gloves unavailable)
MR       .....                  (boots unavailable)
Stlth    +.........             b - amulet of the acrobat
HPRegen  0.14/turn              h - ring of see invisible
MPRegen  0.11/turn              (no ring)

@: protection aura
A: large, unfitting armour, tough skin 1
a: no special abilities


You were on level 3 of the Dungeon.
You were near starving.

You visited 1 branch of the dungeon, and saw 3 of its levels.

You collected 109 gold pieces.

Inventory:

Hand Weapons
 k - a +2 long sword of protection (weapon)
Armour
 a - a +0 robe (worn)
Jewellery
 b - an amulet of the acrobat (around neck)
 h - a ring of see invisible (left hand)
Scrolls
 c - 3 scrolls of fear {unknown}
 d - 3 scrolls of amnesia
 f - 2 scrolls of remove curse {unknown}
 g - a scroll of identify {unknown}
 j - a scroll of teleportation {unknown}
 l - a scroll of fog {unknown}
Potions
 i - a potion of degeneration {unknown}
 n - a potion of agility {unknown}
 o - a potion of heal wounds {unknown}
 p - a potion of curing {unknown}
 q - a potion of mutation {unknown}
Comestibles
 e - 7 rations
 m - 5 chunks of flesh


   Skills:
 + Level 1.9 Fighting
 + Level 2.3 Dodging
 - Level 1.4 Stealth
 * Level 3.6 Spellcasting
 * Level 4.3 Conjurations


You had 7 spell levels left.
You knew the following spells:

 Your Spells              Type           Power        Failure   Level  Hunger
a - Magic Dart            Conj           ###.         2%          1    None
b - Searing Ray           Conj           ###...       4%          2    ##.....

Your spell library contained the following spells:

 Spells                   Type           Power        Failure   Level  Hunger
 Dazzling Spray           Conj/Hex       ##....       21%         3    ###....
 Iskenderun's Mystic Bla  Conj           ###.....     28%         4    ####...
 Force Lance              Conj/Tloc      ##......     56%         4    ####...
 Fulminant Prism          Conj/Hex       ##........   56%         4    ####...


Dungeon Overview and Level Annotations

Branches:
Dungeon (3/15)

Altars:
Elyvilon
Nemelex Xobeh
Okawaru
Qazlal


Innate Abilities, Weirdness & Mutations

You are too large for most types of armour.
You have tough skin. (AC +1)


Message History

You are near starving!
The orc hits you but does no damage.
Casting: Magic Dart (safe; 2% risk of failure)
Confirm with . or Enter, or press ? or * to list all spells.
Aiming: Magic Dart (safe; 2% risk of failure)
Press: ? - help, Shift-Dir - straight line, f - orc
Aim: an orc, wielding a +2 whip of electrocution and wearing a +0 scale mail (severely wounded)
The magic dart hits the orc.
The orc is almost dead.
The orc hits you but does no damage.
You are electrocuted!!
* * * LOW HITPOINT WARNING * * *
Casting: Magic Dart (safe; 2% risk of failure)
Confirm with . or Enter, or press ? or * to list all spells.
Aiming: Magic Dart (safe; 2% risk of failure)
Press: ? - help, Shift-Dir - straight line, f/p - orc
Aim: an orc, wielding a +2 whip of electrocution and wearing a +0 scale mail (almost dead)
The magic dart hits the orc but does no damage.
The orc is almost dead.
The orc hits you but does no damage.
You are electrocuted!!
You die...

..........##
...#....
.......##..#
...#...
.......###.##
...#..
.......# #..#
#....#
.......#
##.## #....#
.......# #..#
#....#
######## ##.#
#....####
#.###).......
##
#..[)@o......
.#
##.####......
.# ....
...... .#
....... .....
.# .........#
..... .#
........%#
.... ##
.........#
....
.........#


You could see an orc.

Vanquished Creatures
  A gnoll (D:3)
  An adder (D:3)
  3 worms (D:2)
  A dart slug (D:3)
  A leopard gecko (D:1)
  4 orcs (D:3)
  2 ball pythons
  10 bats
  3 giant cockroaches
  7 hobgoblins
  5 frilled lizards
  7 goblins
  7 kobolds
  11 rats
63 creatures vanquished.

Notes
Turn   | Place    | Note
-------+----------+-------------------------------------------
     0 | D:1      | Riddle the Ogre Conjurer began the quest for the Orb.
     0 | D:1      | Reached XP level 1. HP: 16/16 MP: 3/3
   357 | D:1      | Reached XP level 2. HP: 21/26 MP: 0/5
   427 | D:1      | Learned a level 2 spell: Searing Ray
   581 | D:1      | Reached skill level 1 in Fighting
  1102 | D:1      | Reached XP level 3. HP: 33/33 MP: 2/7
  1327 | D:2      | Found a white marble altar of Elyvilon.
  1467 | D:2      | Reached skill level 4 in Conjurations
  2501 | D:3      | Found a sparkling altar of Nemelex Xobeh.
  2503 | D:3      | Found a stormy altar of Qazlal.
  2699 | D:3      | Became a worshipper of Nemelex Xobeh the Trickster
  2740 | D:3      | Reached XP level 4. HP: 38/41 MP: 1/8
  2803 | D:3      | Fell from the grace of Nemelex Xobeh
  2868 | D:3      | Found an iron altar of Okawaru.
  3097 | D:3      | Demolished by an orc

Levels and vault maps discovered:
D:1:      minmay_arrival_four_houses, layout_basic
D:2:      layout_loops_ring, elyvilon_altar_4
D:3:      layout_basic, chequers_temple_overflow_statue_of_worship,
          okawaru_altar_gauntlet_db, first_ration

Skill      XL: |  1  2  3 |
---------------+----------+-----
Fighting       | 1 |  1.9
Dodging        | 2 |  2.3
Spellcasting   | 3 |  3.6
Conjurations   | 4 |  4.3
Stealth        | |  1.4

Action                   |  1- 3 |  4- 6 || total
-------------------------+-------+-------++-------
Melee: Unarmed           |    35 |       ||    35
       Long sword        |     2 |    13 ||    15
 Cast: Magic Dart        |    78 |     7 ||    85
       Searing Ray       |     6 |     4 ||    10
Invok: Renounce Religion |       |     1 ||     1
  Use: Scroll            |     1 |       ||     1
 Stab: Sleeping          |     1 |       ||     1
  Eat: Chunk             |     6 |     5 ||    11
Armor: Robe              |    16 |     9 ||    25
Dodge: Dodged            |    43 |    27 ||    70
       Rpst.: Long sword |     3 |     7 ||    10

Table legend:
 A = Non-vault XP
 B = Vault XP
 C = Vault XP percentage of total XP
 D = Non-vault monster count
 E = Vault monster count
 F = Vault count percentage of total count
                 A         B        C        D         E       F
            +---------+---------+-------+---------+---------+-------
      Total |     115 |      23 |  16.7 |      57 |       6 |   9.5
            +---------+---------+-------+---------+---------+-------
        D:1 |      34 |       0 |   0.0 |      22 |       0 |   0.0
        D:2 |      36 |       0 |   0.0 |      18 |       0 |   0.0
        D:3 |      45 |      23 |  33.8 |      17 |       6 |  26.1
            +---------+---------+-------+---------+---------+-------
